 Dungeon Crawl Stone Soup version 0.29-a0-670-g5ff2a30383 (webtiles) character file.

Game seed: 14365842033703104973

637 CannotBeFrozen the Grasshopper (level 7, -9/53 HPs)
             Began as a Demigod Warper on June 24, 2022.
             Killed from afar by Dowan (27 damage)
             ... with a shard of ice
             ... on level 5 of the Dungeon.
             The game lasted 00:20:53 (8116 turns).

CannotBeFrozen the Grasshopper (Demigod Warper)     Turns: 8116, Time: 00:20:53

Health: -9/53      AC:  3    Str: 12    XL:     7   Next: 4%
Magic:  11/13      EV: 12    Int: 15    God:
Gold:   258        SH:  0    Dex: 21    Spells: 5/10 levels left

rFire   . . .      SeeInvis .   b - +1 dagger (venom)
rCold   . . .      Faith    .   (no shield)
rNeg    . . .      Spirit   .   u - +0 leather armour
rPois   .          Reflect  .   (no helmet)
rElec   .          Harm     .   (no cloak)
rCorr   .          Rampage  .   (no gloves)
Will    +....                   (no boots)
Stlth   ++........              (no amulet)
HPRegen 0.17/turn               g - ring of willpower
MPRegen 0.13/turn               (no ring)

@: studying Crossbows
A: high MP 1, forlorn, divine attributes
a: no special abilities


You were on level 5 of the Dungeon.
You visited 1 branch of the dungeon, and saw 5 of its levels.

You collected 258 gold pieces.

Inventory:

Hand Weapons
 a - a +0 falchion
 b - a +1 dagger of venom (weapon)
Missiles
 d - 6 boomerangs of dispersal {=f =F @Q1}
 j - 15 stones (quivered)
 m - 3 boomerangs {@f1 @Q1}
Armour
 u - a +0 leather armour (worn)
 y - a +0 ring mail
Jewellery
 g - a ring of willpower (left hand)
Scrolls
 c - 2 scrolls of blinking
 f - a scroll of vulnerability {unknown}
 h - a scroll of acquirement {unknown}
 i - 2 scrolls of identify {@r1}
 k - a scroll of immolation
 p - a scroll of amnesia {unknown}
 r - a scroll of fog {unknown}
 s - 4 scrolls of teleportation {@r2}
 w - a scroll of noise {unknown}
 A - a scroll of brand weapon {unknown}
Potions
 e - a potion of flight
 l - 4 potions of brilliance
 n - a potion of lignification
 o - a potion of magic
 q - a potion of mutation
 v - a potion of curing {unknown}
 z - a potion of might {unknown}


   Skills:
 - Level 1.7 Fighting
 + Level 5.0 Long Blades
 - Level 2.0 Throwing
 - Level 2.0 Armour
 - Level 2.0 Dodging
 - Level 2.0 Spellcasting
 + Level 5.2 Translocations


You had 5 spell levels left.
You knew the following spells:

 Your Spells              Type           Power      Damage    Failure   Level
a - Gell's Gravitas       Tloc           17%        N/A       10%         3
z - Blink                 Tloc           34%        N/A       4%          2

Your spell library contained the following spells:

 Spells                   Type           Power      Damage    Failure   Level
 Lesser Beckoning         Tloc           17%        N/A       10%         3
 Teleport Other           Tloc           17%        N/A       10%         3
 Frozen Ramparts          Ice            2%         1d2       63%         3
 Manifold Assault         Tloc           17%        N/A       67%         5
 Ice Form                 Ice/Tmut       1%         N/A       95%         4
 Summon Ice Beast         Ice/Summ       1%         N/A       95%         4


Dungeon Overview and Level Annotations

Branches:
Dungeon (5/15)
 Temple: D:4-7

Annotations:
D:2 1 runed translucent door, Crazy Yiuf
D:5 Dowan


Innate Abilities, Weirdness & Mutations

You have an increased reservoir of magic. (+10% MP)
You shall have no god before yourself.
Your divine heritage dramatically boosts your attributes as you level up.


Message History

The bolt of dispelling energy misses you.
Throw: javelin (silver)
Press: ? - help, Shift-Dir - straight line, f - Dowan, p - Duvessa
Aim: Dowan, wielding a +0 dagger and wearing a +0 robe (53% to hit)
You throw a silver javelin.
The silver javelin pierces through Duvessa but does no damage.
Duvessa is moderately wounded.
The silver javelin barely misses Dowan.
Duvessa hits you with a +0 short sword.
HP: 35/48 (-4) ========---- You don't have any such object.
Fire/throw which item? ([*] to toggle full inventory view, [\] to toss any item) (? for menu, Esc to quit)
Okay, then.
Okay, then.
You hit Duvessa.
Duvessa is heavily wounded.
Duvessa hits you with a +0 short sword!
HP: 28/48 (-7) =======----- !
You hit Duvessa but do no damage.
Duvessa looks as sick as possible!
Duvessa is severely wounded.
Duvessa zaps a wand.
The bolt of dispelling energy hits you!
* * * LOW HITPOINT WARNING * * *
HP: 15/48 (-13) ===--------- !!
Casting: Blink (safe; 5% risk of failure)
Confirm with . or Enter, or press ? or * to list all spells.
You blink.
MP: 9/11 (-2)
You kill Duvessa!
Dowan screams, "No!
Oh no!"
Dowan seems to find hidden reserves of power!
Your Long Blades skill increases to level 5!
Your Translocations skill increases to level 5!
You have reached level 7!
You feel stable enough to blink again.
Dowan casts a spell.
Dowan blinks!
Dowan points at you and mumbles some strange words.
The shard of ice hits you!!
Ouch! That really hurt!
You die...

#...>......##.##......
#...........#)##..#.##
##........#.).).....#
##.............#....<.
##...)..#####.#.#####
#......## #....#
#.......###.#..#
#.........รท)...#
########.<@##..##
#.....e..####
#.#####....)### ###
#..##...#####
#..####....(### ####
#####..(. #......#
#....###### .#.# #


You could see Dowan (fast).

Vanquished Creatures
  Duvessa (D:5)
  2 necrophages
  A gnoll shaman (D:5)
  An orc priest (D:4)
  3 iguanas
  Natasha (thrice) (D:2)
  An orc wizard (D:4)
  3 gnolls (D:5)
  5 adders
  A worm (D:3)
  2 dart slugs
  8 orcs
  5 ball pythons
  3 bats
  10 endoplasms
  7 giant cockroaches
  6 goblins
  8 hobgoblins
  A jackal (D:2)
  6 kobolds
  6 quokkas
  2 frilled lizards
  3 rats
88 creatures vanquished.

Vanquished Creatures (others)
  A plant (D:3)
1 creature vanquished.

Grand Total: 89 creatures vanquished

Notes
Turn   | Place    | Note
-------+----------+-------------------------------------------
     0 | D:1      | CannotBeFrozen the Demigod Warper began the quest for the
                  | Orb.
     0 | D:1      | Reached XP level 1. HP: 17/17 MP: 5/5
   401 | D:1      | Reached XP level 2. HP: 24/24 MP: 7/7
   404 | D:1      | Learned a level 2 spell: Blink
  1421 | D:2      | Noticed Natasha
  1747 | D:2      | Reached XP level 3. HP: 8/29 MP: 5/8
  2790 | D:3      | Reached skill level 1 in Throwing
  3172 | D:3      | Reached XP level 4. HP: 35/36 MP: 9/9
  4691 | D:4      | Reached XP level 5. HP: 41/41 MP: 10/10
  4745 | D:4      | Learned a level 3 spell: Gell's Gravitas
  5845 | D:2      | Killed Natasha
  6030 | D:2      | Found a runed translucent door.
  6031 | D:2      | Noticed Crazy Yiuf
  6486 | D:2      | Noticed Natasha
  6503 | D:2      | Killed Natasha
  6511 | D:2      | Noticed Natasha
  6968 | D:2      | Killed Natasha
  7245 | D:5      | Entered Level 5 of the Dungeon
  7253 | D:5      | Reached XP level 6. HP: 48/48 MP: 11/11
  7288 | D:5      | Reached skill level 1 in Armour
  7353 | D:5      | Noticed Duvessa
  8102 | D:5      | Noticed Dowan
  8112 | D:5      | Killed Duvessa
  8113 | D:5      | Reached skill level 5 in Long Blades
  8113 | D:5      | Reached skill level 5 in Translocations
  8113 | D:5      | Reached XP level 7. HP: 17/53 MP: 10/13
  8116 | D:5      | Killed from afar by Dowan

Illustrated notes

Levels and vault maps discovered:
D:1:      nagdon_arrival_double_spiral, layout_basic
D:2:      layout_loops_corners, minmay_hexomino_u4, uniq_crazy_yiuf_cottage,
          uniq_natasha
D:3:      layout_basic, hellmonk_ecumenical_altar_crossroads, moated_statue,
          serial_bayou_pond_a
D:4:      layout_layer_cave
D:5:      layout_rooms, grunt_temple_overflow_champion_of_chaos,
          nicolae_uskayaw_suspiria, grunt_decor_fettered, uniq_duvessa

Skill      XL: |  1  2  3  4  5  6 |
---------------+-------------------+-----
Long Blades    | 2 3 4 5 |  5.0
Translocations | 3 4 5 |  5.2
Throwing       | 1 2 |  2.0
Spellcasting   | 2 |  2.0
Armour         | 2 |  2.0
Dodging        | 2 |  2.0
Fighting       | |  1.7

Action                   |  1- 3 |  4- 6 |  7- 9 || total
-------------------------+-------+-------+-------++-------
Melee: Falchion          |   143 |   128 |       ||   271
       Punch             |     1 |     2 |       ||     3
       Dagger            |       |    30 |       ||    30
Throw: Stone             |     9 |     5 |       ||    14
       Boomerang         |     8 |    23 |       ||    31
       Dart              |       |    10 |       ||    10
       Javelin           |       |     9 |       ||     9
 Cast: Blink             |     1 |     3 |       ||     4
  Use: Scroll            |     4 |     4 |       ||     8
 Stab: Sleeping          |       |     1 |       ||     1
Armor: Leather armour    |    42 |    21 |       ||    63
Dodge: Dodged            |    94 |    98 |       ||   192

Table legend: (Time is in decaauts)
 A = Elapsed time spent in this place.
 B = Non-inter-level travel time spent in this place.
 C = Inter-level travel time spent in this place.
 D = Time resting spent in this place.
 E = Time spent auto-exploring this place.
 F = Levels seen in this place.
 G = Mean time per level.
                   A        B        C        D        E       F      G
               +--------+--------+--------+--------+--------+-----+--------+
         Total |   8161 |   7643 |    518 |   2593 |   3452 |   5 | 1632.2 |
       Dungeon |   8161 |   7643 |    518 |   2593 |   3452 |   5 | 1632.2 |
               +--------+--------+--------+--------+--------+-----+--------+

Top non-repeatable levels by time:
     D:2: 2964 daAuts
     D:4: 1992 daAuts
     D:3: 1543 daAuts
     D:1: 1106 daAuts
     D:5: 554 daAuts
